 Dungeon Crawl Stone Soup version 0.31-a0-1612-g4aaf141004 (webtiles) character file.

Game seed: 3365225613181427199

3481 grandjackal the Fortune-Teller (level 9, -13/75 HPs)
             Began as a Demonspawn Gladiator on Jan 9, 2024.
             Was a Believer of Nemelex Xobeh.
             Mangled by a vampire
             ... wielding a +4 bardiche of venom
              (17 damage)
             ... on level 7 of the Dungeon.
             The game lasted 00:11:18 (7895 turns).

grandjackal the Fortune-Teller (DsGl)               Turns: 7895, Time: 00:11:19

Health: -13/75     AC:  9    Str: 18    XL:     9   Next: 79%
Magic:  15/15      EV: 13    Int:  9    God:    Nemelex Xobeh [**....]
Gold:   433        SH:  0    Dex: 15    Spells: 8/8 levels left

rFire   + . .        k - +5 dire flail
rCold   + + .        (shield currently unavailable)
rNeg    . . .        c - +3 leather armour of Defence {-Cast Fly rPois rC++}
rPois   +            t - +2 helmet
rElec   .            (no cloak)
rCorr   .            (no gloves)
SInv    .            (no boots)
Will    .....        B - amulet of the acrobat
Stlth   +            m - ring of protection from fire
HPRegen 0.32/turn    (no ring)
MPRegen 0.14/turn

%: no spellcasting, acrobat
@: mighty, on berserk cooldown, flying, slowed, very slow
A: hooves 1, ignite blood 2, powered by pain 1, wild magic 1, sturdy frame 1
a: Renounce Religion, Draw Escape, Draw Destruction, Draw Summoning


You were on level 7 of the Dungeon.
You worshipped Nemelex Xobeh.
Nemelex Xobeh was pleased with you.
You visited 2 branches of the dungeon, and saw 8 of its levels.

You collected 433 gold pieces.

Inventory:

Hand Weapons
 a - a +0 flail
 k - a +5 dire flail (weapon)
 w - a +2 vampiric lajatang
Missiles
 d - 3 throwing nets (quivered)
 e - a javelin
 p - 6 poisoned darts
Armour
 c - the +3 leather armour of Defence (worn) {-Cast Fly rPois rC++}
   (You found it on level 7 of the Dungeon)

   rC++:      It greatly protects you from cold.
   rPois:     It protects you from poison Fly: It grants you flight.
   -Cast:     It prevents spellcasting.
 t - a +2 helmet (worn)
Jewellery
 m - a ring of protection from fire (left hand)
 B - an amulet of the acrobat (around neck)
Wands
 s - a wand of charming (11)
Scrolls
 b - 4 scrolls of immolation {unknown}
 f - 4 scrolls of teleportation {unknown}
 j - 5 scrolls of identify {unknown}
 l - 2 scrolls of vulnerability {unknown}
 n - a scroll of enchant armour {unknown}
 r - 2 scrolls of blinking {unknown}
 u - a scroll of torment {unknown}
 v - 3 scrolls of enchant weapon {unknown}
 x - a scroll of silence {unknown}
 y - 2 scrolls of poison {unknown}
Potions
 g - a potion of heal wounds
 i - 3 potions of curing
 q - a potion of enlightenment {unknown}
 z - a potion of lignification {unknown}


   Skills:
 + Level 8.8 Fighting
 + Level 8.0(8.1) Maces & Flails
 - Level 1.5(5.2) Staves
 - Level 2.0 Throwing
 - Level 3.0 Dodging
 + Level 9.2 Invocations


You had 8 spell levels left.
You didn't know any spells.
Your spell library contained the following spells:

 Spells                   Type           Power      Damage    Failure   Level
 Call Imp                 Summ           0%         N/A       63%         2
 Call Canine Familiar     Summ           0%         N/A       83%         3
 Dazzling Flash           Conj/Hex       0%         N/A       83%         3
 Gell's Gravitas          Tloc           0%         N/A       83%         3
 Mephitic Cloud           Conj/Alch/Air  0%         N/A       83%         3
 Teleport Other           Tloc           0%         N/A       83%         3
 Curse of Agony           Necr           0%         N/A       100%        5
 Silence                  Hex/Air        0%         N/A       100%        5
 Bombard                  Conj/Erth      0%         9d1       100%        6
 Dispersal                Tloc           0%         N/A       100%        6
 Spellforged Servitor     Conj/Summ      0%         N/A       100%        7


Dungeon Overview and Level Annotations

Branches:
Dungeon (7/15)             Temple (1/1) D:5

Altars:
Ashenzari
Cheibriados
Dithmenos
Fedhas
Gozag
Hepliaklqana
Kikubaaqudgha
Makhleb
Nemelex Xobeh
Qazlal
Ru
Sif Muna
Trog
Uskayaw
Wu Jian
Xom
Yredelemnul

Shops:
D:5 (

Annotations:
D:3 2 transporters
D:5 1 runed translucent door, Crazy Yiuf
D:7 Jeremiah


Innate Abilities, Weirdness & Mutations

You have large cloven feet.
Your demonic aura often causes spilled blood to erupt in flames.
You sometimes gain a little power by taking damage.
Your spells are a little harder to cast, but a little more powerful.
Your movements are slightly less encumbered by armour. (ER -2)


Message History

You see here a phial of floods.
You impale something!! You kick something.
The centaur hits you with a staff of cold.
The centaur barely misses you. The shadow closely misses you.
The shadow is engulfed in blazing flames.
Something draws life force from you!
Unknown command.
You miss something. Your kick misses something. The centaur closely misses you.
The centaur misses you.
Unknown command.
You completely miss something. The centaur closely misses you.
The centaur kicks you but does no damage.
The shadow hits you. Something hits you!!
* * * LOW HITPOINT WARNING * * *
You focus on the pain.
You feel very mighty all of a sudden.
You are poisoned.
Something bites you.
* * * LOW HITPOINT WARNING * * *
Something draws strength from your injuries!
You closely miss something. Your kick misses something.
You are no longer berserk.
You are exhausted.
You feel yourself slow down.
* * * LOW HITPOINT WARNING * * *
You feel very sick.
The centaur hits you with a staff of cold.
* * * LOW HITPOINT WARNING * * *
The centaur misses you. The shadow hits you.
* * * LOW HITPOINT WARNING * * *
You feel better. The centaur closely misses you. The centaur barely misses you.
Something hits you!
* * * LOW HITPOINT WARNING * * *
Something bites you.
* * * LOW HITPOINT WARNING * * *
Something draws strength from your injuries!
The centaur hits you but does no damage.
The centaur misses you. The shadow hits you. Something hits you!
You die...
Your body disappears without a glow.

..#...###..###8....~..#....#####.
..#...###..# ...~8..8#.#....####
###........# 8....~..#..#.#...##
.#.........# ##8....8#.#.#.#....
.#.........# ###8...#..#.#...##
.##...(##..#. ###8.#.#....###.
.##'#####..#..#### ###'....###...
...........# #:.W######..###.....
...........# #@.)...'###.......
...........# #○{c#######....#....
.##...##+#.#..#######......##....
.##...##...#. ###...##...##....
......#....# ###......#.........
......#....####........#.........
......#..........#.....#.........
'#######..)#..##########...###...
......##.....##..##...##...###..<


You could see a shadow and a centaur.

Vanquished Creatures
  A troll (D:7)
  Grinder (D:5)
  A shadow (D:7)
  A wraith (D:7)
  A wyvern (D:6)
  Menkaure (D:6)
  2 orc warriors (D:6)
  4 ice beasts
  2 sky beasts (D:7)
  A centaur (D:7)
  2 bullfrogs (D:7)
  3 scorpions
  3 wights (D:7)
  3 jellies
  An electric eel (D:6)
  2 orc priests (D:6)
  3 hounds
  2 gnoll boudas
  2 orc wizards
  2 iguanas
  9 gnolls
  9 river rats (D:6)
  9 adders
  2 shadow imps (D:7)
  A white imp (D:7)
  3 ufetubi
  2 ribbon worms
  2 dart slugs
  13 orcs
  9 ball pythons
  4 endoplasms
  6 giant cockroaches
  2 goblins
  6 hobgoblins
  2 jackals (D:1)
  8 quokkas
  4 bats
  2 frilled lizards (D:1)
  9 kobolds
  22 rats
162 creatures vanquished.

Vanquished Creatures (collateral kills)
  6 wights (D:7)
  A gnoll bouda (D:7)
  A gnoll (D:7)
  A white imp (D:7)
9 creatures vanquished.

Grand Total: 171 creatures vanquished

Notes
Turn   | Place    | Note
-------+----------+-------------------------------------------
     0 | D:1      | grandjackal the Demonspawn Gladiator began the quest for
                  | the Orb.
     0 | D:1      | Reached XP level 1. HP: 16/16 MP: 1/1
   137 | D:1      | Gained mutation: Your demonic aura sometimes causes spilled
                  | blood to erupt in flames. [demonic ancestry]
   137 | D:1      | Reached XP level 2. HP: 20/22 MP: 2/2
   794 | D:2      | Gained mutation: You sometimes gain a little power by
                  | taking damage. [demonic ancestry]
   794 | D:2      | Reached XP level 3. HP: 28/28 MP: 3/3
  1458 | D:3      | Found a sacrificial altar of Ru.
  1563 | D:3      | Found a transporter.
  1567 | D:3      | Identified the +5 ring mail "Nuzez" {Harm Fly rF- SInv}
  1567 | D:3      | Noticed a gnoll sergeant
  1601 | D:3      | Found a blossoming altar of Fedhas.
  1620 | D:3      | Gained mutation: You have large cloven feet. [demonic
                  | ancestry]
  1620 | D:3      | Reached XP level 4. HP: 19/35 MP: 4/4
  1629 | D:3      | Found a bloodstained altar of Trog.
  1923 | D:3      | Got Rus Roy's Octavo of Cooperative Force
  2032 | D:3      | Found a transporter.
  2066 | D:3      | Reached XP level 5. HP: 41/42 MP: 5/5
  2796 | D:4      | Reached XP level 6. HP: 49/49 MP: 6/6
  3172 | D:5      | Entered Level 5 of the Dungeon
  3272 | D:5      | Found a staircase to the Ecumenical Temple.
  3283 | Temple   | Entered the Ecumenical Temple
  3474 | Temple   | Became a worshipper of Nemelex Xobeh the Trickster
  3582 | D:5      | Found a runed translucent door.
  3583 | D:5      | Noticed Crazy Yiuf
  3758 | D:5      | Noticed Grinder
  3761 | D:5      | Paralysed by Grinder for 5 turns
  3774 | D:5      | Killed Grinder
  3775 | D:5      | Reached skill level 5 in Fighting
  3775 | D:5      | Reached skill level 1 in Staves
  3775 | D:5      | Reached skill level 2 in Invocations
  3775 | D:5      | Gained mutation: Your demonic aura often causes spilled
                  | blood to erupt in flames. [demonic ancestry]
  3775 | D:5      | Reached XP level 7. HP: 34/56 MP: 6/8
  4168 | D:5      | Found Toloahuo's Weapon Emporium.
  4609 | D:6      | Reached skill level 5 in Maces & Flails
  4611 | D:6      | Reached skill level 3 in Invocations
  4950 | D:6      | Reached skill level 4 in Invocations
  5372 | D:6      | Noticed a wyvern
  5381 | D:6      | Killed a wyvern
  5382 | D:6      | Reached skill level 5 in Invocations
  5382 | D:6      | Reached XP level 8. HP: 48/65 MP: 11/11
  5463 | D:6      | Found an opulent altar of Gozag.
  5848 | D:6      | Reached skill level 6 in Invocations
  5887 | D:6      | Noticed Menkaure
  5894 | D:6      | Killed Menkaure
  6172 | D:6      | Reached * piety under Nemelex Xobeh
  6419 | D:6      | Found a hide-covered altar of Uskayaw.
  6424 | D:6      | Found a shimmering blue altar of Sif Muna.
  6687 | D:7      | Received a gift from Nemelex Xobeh
  6694 | D:7      | Reached skill level 7 in Invocations
  6696 | D:7      | Reached XP level 9. HP: 64/72 MP: 14/14
  6806 | D:7      | Noticed Jeremiah
  6928 | D:7      | Gained mutation: Your spells are a little harder to cast,
                  | but a little more powerful. [potion of mutation]
  6928 | D:7      | Gained mutation: Your movements are slightly less
                  | encumbered by armour. (ER -2) [potion of mutation]
  7223 | D:7      | Identified the +3 leather armour of Defence {-Cast Fly
                  | rPois rC++}
  7460 | D:7      | Reached skill level 8 in Invocations
  7475 | D:7      | Reached ** piety under Nemelex Xobeh
  7876 | D:7      | Noticed a troll
  7888 | D:7      | Killed a troll
  7889 | D:7      | Reached skill level 9 in Invocations
  7895 | D:7      | Mangled by a vampire

Illustrated notes

Levels and vault maps discovered:
D:1:      dpeg_arrival_long_road, layout_basic, nicolae_houndstooth_variations
D:2:      layout_basic
D:3:      layout_loops_ring, grunt_temple_overflow_open,
          nicolae_ru_awakened_eye, gammafunk_ghost_gnarly_gnolls
D:4:      layout_basic
D:5:      layout_basic, minmay_temple_entry_drinking_statues, serial_shops,
          nicolae_shop_stone, uniq_grinder, uniq_crazy_yiuf_cottage
D:6:      lemuel_ratsnest, layout_basic, lemuel_round_altar,
          jmf_multi_god_temple2, nrook_pool_corridor, uniq_menkaure
D:7:      minmay_the_grid_triangle_9x9_rhombus_thin
          [minmay_the_grid_triangle_9x9_shrine,
          minmay_the_grid_triangle_9x9_prize_center,
          minmay_the_grid_triangle_9x9_checkered,
          minmay_the_grid_triangle_9x9_limited_checkers], layout_gridville,
          nicolae_ossuary_entry_monument, uniq_jeremiah
Temple:   nicolae_temple_figure_eight

Skill      XL: |  1  2  3  4  5  6  7  8  9 |
---------------+----------------------------+-----
Throwing       | 2 |  2.0
Maces & Flails | 3 4 5 6 8 |  8.0
Dodging        | 3 |  3.0
Fighting       | 3 4 5 6 7 8 |  8.8
Staves         | 1 |  1.5
Invocations    | 2 5 7 9 |  9.2

Action                     |  1- 3 |  4- 6 |  7- 9 || total
---------------------------+-------+-------+-------++-------
  Melee: Flail             |   120 |   118 |   353 ||   591
         Punch             |     1 |     1 |     7 ||     9
         Kick              |       |    25 |   131 ||   156
         Dire flail        |       |       |    29 ||    29
 Invoke: Draw Summoning    |       |       |     2 ||     2
         Draw Destruction  |       |       |     3 ||     3
  Evoke: Wand              |       |       |     3 ||     3
    Use: Potion            |       |       |     9 ||     9
   Stab: Sleeping          |     4 |       |       ||     4
         Invisible         |       |       |     2 ||     2
 Armour: Leather armour    |    34 |       |    47 ||    81
         Ring mail         |    43 |    90 |   220 ||   353
  Dodge: Dodged            |    92 |    74 |   274 ||   440

Table legend: (Time is in decaauts)
 A = Elapsed time spent in this place.
 B = Non-inter-level travel time spent in this place.
 C = Inter-level travel time spent in this place.
 D = Time resting spent in this place.
 E = Time spent auto-exploring this place.
 F = Levels seen in this place.
 G = Mean time per level.
                   A        B        C        D        E       F      G
               +--------+--------+--------+--------+--------+-----+--------+
         Total |   7948 |   7524 |    424 |   1656 |   3998 |   8 |  993.5 |
       Dungeon |   7819 |   7408 |    411 |   1656 |   3998 |   7 | 1117.0 |
        Temple |    129 |    116 |     13 |      0 |      0 |   1 |  129.0 |
               +--------+--------+--------+--------+--------+-----+--------+

Top non-repeatable levels by time:
     D:6: 2061 daAuts
     D:5: 1332 daAuts
     D:7: 1200 daAuts
     D:2: 850 daAuts
     D:3: 837 daAuts
     D:1: 791 daAuts
     D:4: 744 daAuts
  Temple: 129 daAuts
